AoeStats
← NTM.daniel.echeverri3

Arabia

510830597Analyzed
1v1 RM · 13h ago on Oct 2, 2026· 48m 31s· 2 players
Game mode
Random Map
Map size
Tiny (2 player)
Population
200
Speed
Normal
Resources
Standard
Victory
Conquest
Starting age
Dark Age
Ending age
Imperial Age
RankedLock teamsTeams togetherTeam positionsShared explorationLock speedFull tech treeHidden civsTurbo modeCheats
Victory
Defeat
🇨🇴 Magyars · Colombia
1090
+16
🇩🇪 Chinese · Germany
1089
-16
Manu2331
11:15 Feudal Age
9:31 Loom
16:06 Double-Bit Axe
20:02 Castle Age
19:21 Horse Collar
21:33 Bow Saw
22:29 Pikeman
23:17 Squires
24:59 Fletching
27:19 Scale Mail Armor
28:52 Forging
34:46 Elite Skirmisher
36:12 Wheelbarrow
38:29 Bodkin Arrow
38:34 Padded Archer Armor
42:24 Iron Casting
42:08 Leather Archer Armor
47:13 Imperial Age
45:18 Gold Mining
47:21 Halberdier
NTM.daniel.echeverri3
6:14 Loom
8:53 Feudal Age
9:31 Horse Collar
13:44 Double-Bit Axe
22:17 Castle Age
20:46 Scale Barding Armor
21:25 Bloodlines
22:58 Husbandry
23:36 Heavy Plow
24:02 Bow Saw
29:25 Wheelbarrow
31:59 Fletching
33:39 Bodkin Arrow
34:41 Padded Archer Armor
35:22 Chain Barding Armor
36:15 Thumb Ring
36:28 Leather Archer Armor
42:04 Imperial Age
39:50 Hand Cart
41:13 Corvinian Army
43:15 Conscription
44:56 Two-Man Saw
44:32 Crop Rotation
44:50 Parthian Tactics
44:34 Bracer
44:59 Ballistics
44:54 Heavy Cavalry Archer
46:43 Ring Archer Armor
46:49 Plate Barding Armor
47:29 Chemistry
46:42 Recurve Bow
47:27 Elite Magyar Huszar
48:26 Scale Mail Armor
Connection lost

Rejoining the realm…

Still unreachable

The connection could not be restored.

Session expired

The server has moved on; the page needs a fresh start.